 Dungeon Crawl Stone Soup version 0.18-a0-1572-g0a86841 (webtiles) character file.

14606 Hilldric the Fighter (level 11, -3/93 HPs)
             Began as a Demonspawn Gladiator on Mar 15, 2016.
             Was a High Priest of Okawaru.
             Slain by a ten-headed hydra (8 damage)
             ... on level 11 of the Dungeon.
             The game lasted 00:31:35 (7754 turns).

Hilldric the Fighter (Demonspawn Gladiator)         Turns: 7754, Time: 00:31:36

Health: -3/93      AC: 25    Str: 20    XL:     11   Next: 90%
Magic:  18/18      EV: 14    Int:  9    God:    Okawaru [*****.]
Gold:   175        SH:  0    Dex: 15    Spells: 0 memorised, 10 levels left

rFire  + . .     SeeInvis +     I - +1 war axe (vamp)
rCold  . . .     Gourm    .     S - +4 ring mail of the Boiling Point {MR+}
rNeg   . . .     Faith    .     (no shield)
rPois  .         Spirit   .     k - +0 helmet
rElec  .         Dismiss  .     t - +1 cloak {MR+}
rCorr  +         Reflect  .     l - +0 pair of gloves
SustAt .         Harm     .     (no boots)
MR     ++...                    (no amulet)
Stlth  ..........               F - ring of protection from fire
                                r - ring of Waarrax {rCorr +Blink Str+2 Dex+3 SInv}

@: confused, lethally poisoned (-3 -> -6), very resistant to hostile
enchantments, extremely unstealthy
A: claws 2, rough black scales 3, powered by death 1, spiny 2
a: Heroism, Finesse, Renounce Religion, Evoke Blink


You were on level 11 of the Dungeon.
You worshipped Okawaru.
Okawaru was extremely pleased with you.
You were full.

You visited 2 branches of the dungeon, and saw 12 of its levels.

You collected 501 gold pieces.
You spent 326 gold pieces at shops.

Inventory:

Hand Weapons
 a - a +1 war axe
 I - a +1 vampiric war axe (weapon)
Missiles
 b - 4 throwing nets (quivered)
 c - 8 tomahawks
Armour
 k - a +0 helmet (worn)
 l - a +0 pair of gloves (worn)
 t - a +1 cloak of magic resistance (worn)
 v - a +0 swamp dragon armour
 S - the +4 ring mail of the Boiling Point (worn) {MR+}
   (Okawaru gifted it to you on level 10 of the Dungeon)

   It affects your resistance to hostile enchantments.
Jewellery
 h - an uncursed ring of magical power
 r - the ring of Waarrax (left hand) {rCorr +Blink Str+2 Dex+3 SInv}
   (You found it on level 8 of the Dungeon)

   [ring of resist corrosion]

   It affects your strength (+2).
   It affects your dexterity (+3).
   It lets you see invisible.
   It lets you blink.
 w - a +4 ring of strength {unknown}
 F - a ring of protection from fire (right hand)
Wands
 x - a wand of hasting (1/9)
 y - a wand of teleportation (5/9)
 A - a wand of flame (24/48)
 G - a wand of flame (33/48)
 J - a wand of acid (3/15)
 L - a wand of flame (20/48)
 O - a wand of lightning (7/15)
Scrolls
 o - 3 scrolls of amnesia
 p - 2 scrolls of enchant weapon
 E - 3 scrolls of identify
 H - 8 scrolls of remove curse
 K - 2 scrolls of magic mapping
 P - a scroll of fog
 Q - a scroll of vulnerability {unknown}
 T - a scroll of recharging
Potions
 d - a potion of resistance {unknown}
 e - 9 potions of curing
 g - 2 potions of brilliance {unknown}
 i - 2 potions of lignification {unknown}
 m - 3 potions of might
 n - 4 potions of flight
 q - a potion of ambrosia
 s - a potion of magic {unknown}
 u - a potion of mutation {unknown}
 C - a potion of haste {unknown}
 D - a potion of cancellation {unknown}
Books
 B - a book of Air

   Spells                             Type                      Level
   a - Shock                          Conjuration/Air              1
   b - Swiftness                      Charms/Air                   2
   c - Repel Missiles                 Charms/Air                   2
   d - Static Discharge               Conjuration/Air              3
   e - Lightning Bolt                 Conjuration/Air              5
Comestibles
 f - 5 bread rations
 j - 12 fruits
 M - a royal jelly
 N - 10 beef jerkies
 R - a meat ration


   Skills:
 - Level 11.0 Fighting
 - Level 10.1 Axes
 - Level 1.7 Throwing
 + Level 7.5 Armour
 - Level 5.2 Dodging
 - Level 10.0 Invocations


You had 10 spell levels left.
You didn't know any spells.

Dungeon Overview and Level Annotations

Branches:
Dungeon (11/15)            Temple (1/1) D:7            Lair (0/8) D:9
    Orc: D:9-12

Altars:
Ashenzari
Cheibriados
Dithmenos
Elyvilon
Fedhas
Gozag
Kikubaaqudgha
Makhleb
Nemelex Xobeh
Okawaru
Pakellas
Qazlal
Ru
Sif Muna
Trog
Vehumet
Xom
Yredelemnul
Zin
The Shining One

Shops:
D:5 !   D:7 [}*%


Innate Abilities, Weirdness & Mutations

You have very sharp fingernails.
You are completely covered in rough black scales (AC +10, Dex -3).
You regenerate a little health from kills.
You are mostly covered in sharp spines.


Message History

The centaur shoots an arrow.
The arrow hits you but does no damage.
Things that are here:
an arrow; a poisoned arrow Unknown command.
Drink which item? (? for menu, Esc to quit)
Okay, then.
Drink which item? (? for menu, Esc to quit)
You don't have any such object.
Drink which item? (? for menu, Esc to quit)
It was a potion of ambrosia.
You are confused.
You feel invigorated.
You feel sick.
The centaur shoots an arrow.
The arrow hits you but does no damage.
The ten-headed hydra bites you but does no damage. x4
The ten-headed hydra closely misses you.
The ten-headed hydra bites you but does no damage.
The ten-headed hydra misses you.
The ten-headed hydra bites you but does no damage.
The ten-headed hydra bites you!
You die...

# ######..###.#
#...##.#
#.#.##.#####+##
#.#..#.#.......
#......#.......
####+#.#c.c....
.......lccc##'#
..!.....D.....#
........@...###
....(..>....#
....(.(.)...#
.......!....#
###########<#
##


You could see a ten-headed hydra, a komodo dragon and 5 centaurs.

Vanquished Creatures
  Erolcha (D:8)
  A hill giant (D:9)
  Pikel (D:5)
  2 cyclopes
  A wizard (D:9)
  The ghost of Chiseanne the Unseen, a novice SpAs of Gozag (D:8)
  Maurice (D:8)
  A gargoyle (D:9)
  Psyche (D:8)
  A komodo dragon (D:9)
  The ghost of AnCiEnTChAoSGoD the Magician, a novice DEFE (D:4)
  An efreet (D:9)
  A tengu conjurer (D:9)
  3 trolls
  2 two-headed ogres (D:9)
  Grinder (D:3)
  A wraith (D:10)
  A wyvern (D:8)
  11 yaks
  A hippogriff (D:10)
  Duvessa (D:4)
  A water moccasin (D:5)
  2 orc warriors
  A black bear (D:9)
  Purgy (D:3)
  5 ice beasts
  2 sky beasts
  6 ogres
  6 centaurs
  2 necrophages
  A big kobold (D:7)
  Blork the orc (D:5)
  12 giant frogs
  Dowan (D:4)
  2 scorpions (D:5)
  19 killer bees
  4 wights
  An electric eel (D:6)
  A howler monkey (D:4)
  A wasp zombie (D:10)
  A crimson imp (D:9)
  A quasit (D:11)
  2 centaur skeletons
  7 hounds
  8 orc priests
  2 giant frog skeletons
  An iguana (D:9)
  7 worker ants
  Ijyb (D:3)
  12 orc wizards
  Natasha (thrice) (D:3)
  2 hound zombies (D:9)
  A hound skeleton (D:8)
  19 gnolls
  8 adders
  A shadow imp (D:8)
  An ooze (D:1)
  An adder zombie (D:7)
  4 worms
  4 giant geckos
  22 orcs
  3 bats
  3 giant cockroaches
  9 goblins
  8 hobgoblins
  17 jackals
  6 quokkas
  2 ball pythons
  3 giant newts
  A jackal skeleton (D:6)
  19 kobolds
  2 quokka zombies
  9 rats
  A spectral orc (D:9)
295 creatures vanquished.

Vanquished Creatures (others)
  A wyvern (D:2)
  A sky beast (D:9)
  A hound skeleton (D:9)
  A plant (D:9)
4 creatures vanquished.

Grand Total: 299 creatures vanquished

Notes
Turn   | Place    | Note
--------------------------------------------------------------
     0 | D:1      | Hilldric the Demonspawn Gladiator began the quest for the Orb.
     0 | D:1      | Reached XP level 1. HP: 16/16 MP: 1/1
   209 | D:1      | Gained mutation: You are partially covered in sharp spines. [demonic ancestry]
   209 | D:1      | Reached XP level 2. HP: 12/22 MP: 2/2
   688 | D:1      | Gained mutation: You regenerate a little health from kills. [demonic ancestry]
   688 | D:1      | Reached XP level 3. HP: 27/27 MP: 3/3
  1157 | D:2      | Gained mutation: You are mostly covered in sharp spines. [demonic ancestry]
  1157 | D:2      | Reached XP level 4. HP: 33/33 MP: 4/4
  1355 | D:2      | Found an oddly glowing altar of Pakellas.
  1355 | D:2      | Noticed an orange crystal statue
  1356 | D:2      | Noticed a wyvern
  1396 | D:2      | Killed a wyvern
  1476 | D:3      | Found an opulent altar of Gozag.
  1498 | D:3      | Noticed Grinder
  1499 | D:3      | Reached skill level 5 in Dodging
  1500 | D:3      | Reached XP level 5. HP: 21/38 MP: 5/5
  1507 | D:3      | Paralysed by Grinder for 2 turns
  1512 | D:3      | Killed Grinder
  1512 | D:3      | Gained mutation: You are partially covered in rough black scales (AC +4, Dex -1). [demonic ancestry]
  1512 | D:3      | Reached XP level 6. HP: 27/44 MP: 6/6
  1631 | D:3      | Noticed Natasha
  1648 | D:3      | Killed Natasha
  1841 | D:3      | Noticed Purgy
  1847 | D:3      | Killed Purgy
  2112 | D:3      | Noticed Natasha
  2115 | D:3      | Killed Natasha
  2198 | D:3      | Gained mutation: You are mostly covered in rough black scales (AC +7, Dex -2). [demonic ancestry]
  2198 | D:3      | Reached XP level 7. HP: 45/50 MP: 7/7
  2212 | D:3      | Noticed Natasha
  2213 | D:3      | Killed Natasha
  2213 | D:3      | Reached skill level 5 in Armour
  2287 | D:3      | Noticed Ijyb
  2295 | D:3      | Killed Ijyb
  2432 | D:4      | Noticed Duvessa
  2432 | D:4      | Noticed Dowan
  2437 | D:4      | Killed Duvessa
  2447 | D:4      | Killed Dowan
  2582 | D:4      | Noticed AnCiEnTChAoSGoD's ghost (novice DEFE)
  2607 | D:5      | Entered Level 5 of the Dungeon
  2803 | D:4      | Killed AnCiEnTChAoSGoD's ghost
  2803 | D:4      | Reached skill level 5 in Axes
  2803 | D:4      | Gained mutation: You have sharp fingernails. [demonic ancestry]
  2803 | D:4      | Reached XP level 8. HP: 45/56 MP: 8/8
  3475 | D:5      | Noticed Blork the orc
  3482 | D:5      | Killed Blork the orc
  3505 | D:5      | Found a white marble altar of Elyvilon.
  3534 | D:5      | Found Ziroj's Distillery.
  3560 | D:5      | Bought a potion of heal wounds for 55 gold pieces
  3560 | D:5      | Bought a potion of curing for 33 gold pieces
  3560 | D:5      | Bought a potion of heal wounds for 55 gold pieces
  3560 | D:5      | Bought a potion of heal wounds for 55 gold pieces
  3560 | D:5      | Bought a potion of curing for 33 gold pieces
  3560 | D:5      | Bought a potion of heal wounds for 55 gold pieces
  3571 | D:5      | Noticed Pikel
  3577 | D:5      | Killed Pikel
  3577 | D:5      | Gained mutation: You are completely covered in rough black scales (AC +10, Dex -3). [demonic ancestry]
  3577 | D:5      | Reached XP level 9. HP: 45/61 MP: 9/9
  4399 | D:6      | Found a burning altar of Makhleb.
  4426 | D:6      | Found a shattered altar of Ashenzari.
  4557 | D:7      | Found Ajaodinif's Antique Armour Emporium.
  4582 | D:7      | Found Viliud's Gadget Shoppe.
  4604 | D:7      | Reached skill level 10 in Axes
  4613 | D:7      | Reached skill level 3 in Fighting
  4701 | D:7      | Reached skill level 4 in Fighting
  4772 | D:7      | Found Idub's Food Boutique.
  4810 | D:7      | Found Tadgh's General Store.
  4815 | D:7      | Bought a potion of might for 40 gold pieces
  4836 | D:7      | Found a staircase to the Ecumenical Temple.
  4847 | Temple   | Entered the Ecumenical Temple
  5083 | Temple   | Became a worshipper of Warmaster Okawaru
  5190 | D:7      | Reached skill level 5 in Fighting
  5390 | D:7      | Reached XP level 10. HP: 74/74 MP: 10/10
  5460 | D:8      | Noticed Psyche
  5464 | D:8      | Noticed Chiseanne's ghost (novice SpAs)
  5468 | D:8      | Killed Psyche
  5468 | D:8      | Reached skill level 6 in Fighting
  5475 | D:8      | Noticed Maurice
  5477 | D:8      | Killed Chiseanne's ghost
  5477 | D:8      | Reached * piety under Okawaru
  5489 | D:8      | Reached skill level 7 in Fighting
  5495 | D:8      | Killed Maurice
  5517 | D:8      | Reached skill level 8 in Fighting
  5529 | D:8      | Reached ** piety under Okawaru
  5549 | D:8      | Got a fine platinum ring
  5551 | D:8      | Identified the ring of Waarrax {rCorr +Blink Str+2 Dex+3 SInv} (You found it on level 8 of the Dungeon)
  5673 | D:8      | Found a stormy altar of Qazlal.
  5704 | D:8      | Reached skill level 9 in Fighting
  5765 | D:8      | Found a shadowy altar of Dithmenos.
  5765 | D:8      | Found a shimmering altar of Xom.
  5790 | D:8      | Noticed Erolcha
  5808 | D:8      | Killed Erolcha
  5808 | D:8      | Reached *** piety under Okawaru
  5808 | D:8      | Reached skill level 10 in Fighting
  6060 | D:9      | Gained mutation: You have very sharp fingernails. [demonic ancestry]
  6060 | D:9      | Reached XP level 11. HP: 89/92 MP: 11/11
  6204 | D:9      | Found a staircase to the Lair.
  6220 | D:9      | Reached **** piety under Okawaru
  6303 | D:9      | Reached skill level 11 in Fighting
  6352 | D:9      | Noticed a hill giant
  6353 | D:9      | Noticed a wizard
  6365 | D:9      | Killed a hill giant
  6392 | D:9      | Reached skill level 5 in Invocations
  6413 | D:9      | Killed a wizard
  6450 | D:9      | Reached ***** piety under Okawaru
  6604 | D:9      | Found a basalt altar of Yredelemnul.
  6840 | D:10     | Entered Level 10 of the Dungeon
  6931 | D:10     | Received a gift from Okawaru
  6934 | D:10     | Got a scorched ring mail {god gift}
  6945 | D:10     | Identified the +4 ring mail of the Boiling Point {MR+} (Okawaru gifted it to you on level 10 of the Dungeon)
  7289 | D:10     | Found a deep blue altar of Sif Muna.
  7384 | D:10     | Reached skill level 10 in Invocations
  7655 | D:11     | Found a bloodstained altar of Trog.
  7718 | D:11     | Noticed a five-headed hydra
  7738 | D:11     | HP: 1/93 [komodo dragon (7)]
  7753 | D:11     | HP: 2/93 [centaur/poisoned arrow (5)]
  7754 | D:11     | Slain by a ten-headed hydra

Vault maps used:
D:1:      dpeg_arrival_connections, minmay_misc_feat_rows, serial_bayou_pond_d,
          minmay_misc_feat_square
D:2:      gammafunk_pakellas_statue_experiment, first_bread
D:3:      nicolae_gozag_cash_rules_everything_around_me, uniq_grinder,
          uniq_purgy, uniq_natasha, uniq_iyjb
D:4:      uniq_duvessa
D:5:      elyvilon_altar_5, serial_shops, kennysheep_mini_moat, uniq_pikel,
          uniq_blork_the_orc
D:6:      lemuel_crystal_altar, ashenzari_altar_1, serial_bayou_pond_b,
          minivault_5
D:7:      minmay_temple_entry_statues_fountains, serial_shops, shop,
          nicolae_shop_temple_entry_statues_fountains, kennysheep_little_box,
          shop_fountains
D:8:      lemuel_doored_altar, gammafunk_temple_overflow_wave, uniq_maurice,
          uniq_erolcha, uniq_psyche
D:9:      yredelemnul_forgotten_temple_becter, david_lair_shrubbed,
          grunt_ogre_cave, minivault_28
D:10:     hex_large, tgw_sif
D:11:     orc_0_dummy, basic_altar, nemelex_xobeh_ov_fountains_minmay
Temple:   triangle_lava_temple_11

Skill      XL: |  1  2  3  4  5  6  7  8  9 10 11 |
---------------+----------------------------------+-----
Dodging        | 3 4 5 |  5.2
Armour         | 3 4 6 7 |  7.5
Axes           | 5 8 10 | 10.1
Fighting       | 5 10 11 | 11.0
Invocations    | 10 | 10.0
Throwing       | |  1.7

Action                   |  1- 3 |  4- 6 |  7- 9 | 10-12 || total
-------------------------+-------+-------+-------+-------++-------
Melee: War axe           |    55 |    50 |   214 |   352 ||   671
Evoke: Wand              |       |       |       |     1 ||     1
  Use: Scroll            |     3 |       |    11 |     1 ||    15
       Potion            |       |       |     1 |    10 ||    11
 Stab: Sleeping          |       |     2 |     2 |       ||     4
  Eat: Meat ration       |       |     1 |       |     2 ||     3
       Bread ration      |       |       |     2 |     2 ||     4
       Pizza             |       |       |       |     1 ||     1
